AoeStats
← castilla_602

Black Forest

509880809Analyzed
2v2 RM · 3d ago on Sep 28, 2026· 68m 0s· 4 players
Game mode
Random Map
Map size
Medium (4 player)
Population
200
Speed
Normal
Resources
Standard
Victory
Conquest
Starting age
Dark Age
Ending age
Imperial Age
RankedLock teamsTeams togetherTeam positionsShared explorationLock speedFull tech treeHidden civsTurbo modeCheats
Victory
Defeat
🇫🇷 Tatars · France
582
+14
🇦🇷 Spanish · Argentina
462
+20
🇦🇷 Franks · Argentina
543
-27
🇵🇪 Byzantines · Peru
533
-17
Sanso8278
4:45 Loom
14:49 Feudal Age
15:53 Double-Bit Axe
19:33 Town Watch
20:23 Wheelbarrow
26:14 Castle Age
25:42 Forging
25:32 Scale Mail Armor
25:37 Scale Barding Armor
28:09 Elite Skirmisher
28:56 Town Watch
29:51 Wheelbarrow
29:18 Pikeman
30:39 Scale Barding Armor
30:25 Fletching
30:35 Padded Archer Armor
30:30 Pikeman
39:27 Imperial Age
37:59 Town Patrol
38:14 Hand Cart
38:00 Town Patrol
39:59 Iron Casting
39:39 Chain Mail Armor
39:45 Chain Barding Armor
39:20 Bodkin Arrow
39:40 Leather Archer Armor
44:51 Cavalier
45:34 Husbandry
48:29 Paladin
49:01 Elite Throwing Axeman
49:02 Ordonnance Companies
49:43 Chivalry
50:27 Hoardings
51:04 Chemistry
50:27 Fortified Wall
49:54 Halberdier
lycandros
4:27 Loom
17:12 Feudal Age
22:35 Man-at-Arms
32:23 Castle Age
34:53 Light Cavalry
35:38 Husbandry
38:36 Imperial Age
36:47 Wheelbarrow
41:47 Hand Cart
41:15 Horse Collar
43:02 Caravan
43:57 Conscription
45:20 Elite Cataphract
48:01 Logistica
54:19 Chemistry
58:08 Cavalier
59:55 Scale Barding Armor
59:51 Scale Mail Armor
El JoJo62
0:39 Loom
15:56 Feudal Age
17:12 Wheelbarrow
16:42 Double-Bit Axe
16:40 Horse Collar
17:38 Gold Mining
17:39 Stone Mining
23:34 Castle Age
24:59 Hand Cart
27:02 Bow Saw
26:58 Heavy Plow
27:38 Gold Shaft Mining
29:58 Caravan
30:30 Coinage
36:18 Imperial Age
37:12 Scale Barding Armor
37:18 Forging
37:08 Scale Mail Armor
37:09 Padded Archer Armor
37:00 Fletching
37:37 Fortified Wall
39:50 Chemistry
39:01 Masonry
38:32 Treadmill Crane
38:43 Heated Shot
40:10 Elite Keshik
41:08 Bodkin Arrow
41:29 Leather Archer Armor
41:50 Iron Casting
42:00 Crop Rotation
43:30 Guilds
43:53 Banking
42:47 Heavy Cavalry Archer
43:42 Elite Skirmisher
45:31 Blast Furnace
44:52 Chain Barding Armor
44:36 Bracer
45:07 Ring Archer Armor
47:16 Silk Armor
47:55 Town Watch
48:28 Timurid Siegecraft
51:38 Plate Barding Armor
56:44 Capped Ram
56:50 Onager
59:49 Siege Ram
67:05 Bombard Tower
castilla_602
11:44 Feudal Age
17:52 Wheelbarrow
20:33 Castle Age
18:10 Man-at-Arms
19:03 Forging
22:45 Husbandry
22:09 Long Swordsman
22:36 Gambesons
23:30 Iron Casting
22:58 Scale Mail Armor
23:07 Scale Barding Armor
25:26 Stone Mining
26:10 Double-Bit Axe
31:02 Bow Saw
32:02 Hand Cart
31:34 Town Watch
33:23 Gold Mining
34:14 Stone Shaft Mining
34:22 Chain Mail Armor
38:43 Imperial Age
36:31 Horse Collar
38:16 Caravan
39:00 Coinage
38:59 Two-Handed Swordsman
40:41 Blast Furnace
40:12 Plate Mail Armor
40:06 Guilds
40:18 Heavy Plow
41:26 Chemistry
41:55 Chain Barding Armor
42:19 Elite Conquistador
44:22 Two-Man Saw
43:15 Champion
44:53 Murder Holes
45:26 Town Patrol
45:13 Loom
47:41 Banking
47:54 Pikeman
48:36 Squires
48:30 Arson
50:01 Plate Barding Armor
55:32 Halberdier
Connection lost

Rejoining the realm…

Still unreachable

The connection could not be restored.

Session expired

The server has moved on; the page needs a fresh start.